 Dungeon Crawl Stone Soup version 0.25-a0-290-g4a1327ee3a (webtiles) character file.

Game seed: 17062281195582774988, levelgen mode: classic

5439 Borgoz the Slicer (level 11, 0/68 HPs)
             Began as a Kobold Fighter on Dec 15, 2019.
             Was a Follower of Ashenzari.
             Slain by a basilisk (6 damage)
             ... while petrified by a basilisk
             ... on level 8 of the Dungeon.
             The game lasted 00:15:56 (7413 turns).

Borgoz the Slicer (Kobold Fighter)                  Turns: 7413, Time: 00:15:57

Health: 0/68       AC:  9    Str: 16    XL:     11   Next: 0%
Magic:  7/15       EV:  3    Int: 17    God:    Ashenzari [*.....]
Gold:   386        SH:  0    Dex: 16    Spells: 11/15 levels left

rFire    + . .     SeeInvis .   a - +9 dagger of the Undead {pierce, Int+4} (curse)
rCold    . . .     Gourm    .   x - +0 buckler (curse)
rNeg     + + +     Faith    .   C - +0 ring mail {rF+} (curse)
rPois    ∞         Spirit   .   p - +0 helmet
rElec    .         Reflect  .   (no cloak)
rCorr    .         Harm     .   (no gloves)
MR       .....                  q - +0 pair of boots
Stlth    +++.......             (no amulet)
HPRegen  0.21/turn              B - ring of stealth
MPRegen  0.14/turn              D - +4 ring of intelligence

@: petrified
A: small, carnivore
a: Curse Item, Scrying, Renounce Religion


You were on level 8 of the Dungeon.
You worshipped Ashenzari.
Ashenzari was aware of your devotion.
You were not hungry.

You visited 2 branches of the dungeon, and saw 9 of its levels.

You collected 386 gold pieces.

Inventory:

Hand Weapons
 a - the cursed +9 dagger of the Undead (weapon) {pierce, Int+4}
   (You found it on level 4 of the Dungeon)

   It inflicts extra damage upon your enemies.
   It affects your intelligence (+4).
   It has a curse placed upon it.
 b - the +8 flail of Neast {crush, *Slow MR++ Dex+6}
   (You found it on level 4 of the Dungeon)

   It inflicts extra damage upon your enemies.
   It affects your dexterity (+6).
   It affects your resistance to hostile enchantments.
   It may slow you when you take damage.
 h - a +0 rapier of venom
 m - a +0 rapier
Missiles
 o - a throwing net (quivered)
Armour
 p - a +0 helmet (worn)
 q - a +0 pair of boots (worn)
 x - a cursed +0 buckler (worn)
 y - a +1 leather armour of cold resistance
 C - a cursed +0 ring mail of fire resistance (worn)
Jewellery
 B - a ring of stealth (left hand)
 D - a +4 ring of intelligence (right hand)
Wands
 w - a wand of clouds (2)
 E - a wand of iceblast (9)
Scrolls
 c - 2 scrolls of magic mapping {unknown}
 e - 3 scrolls of teleportation {unknown}
 g - a scroll of immolation {unknown}
 j - 4 scrolls of remove curse
 k - a scroll of fear {unknown}
 n - 2 scrolls of enchant armour {unknown}
 r - 3 scrolls of blinking {unknown}
 s - 2 scrolls of enchant weapon {unknown}
 t - a scroll of fog {unknown}
 z - a scroll of torment {unknown}
 A - a scroll of amnesia
 I - a scroll of identify
Potions
 d - 2 potions of might
 i - a potion of flight
 l - a potion of mutation
 u - 3 potions of brilliance
 F - a potion of haste
 G - a potion of cancellation
Comestibles
 f - 19 rations


   Skills:
 + Level 8.0 Fighting
 * Level 9.3 Short Blades
 * Level 6.6 Armour
 * Level 8.7 Dodging
 + Level 4.3 Stealth
 + Level 3.5 Shields
 + Level 2.8 Spellcasting
 + Level 2.9 Hexes
 + Level 1.2 Evocations


You had 11 spell levels left.
You knew the following spells:

 Your Spells              Type           Power        Failure   Level  Hunger
a - Confusing Touch       Hex            ##....       12%         1    #......
b - Confuse               Hex            ##......     34%         3    ###....

Your spell library contained the following spells:

 Spells                   Type           Power        Failure   Level  Hunger
 Shock                    Conj/Air       #...         36%         1    #......
 Sting                    Tmut/Pois      #...         36%         1    #......
 Summon Small Mammal      Summ           #...         36%         1    #......
 Call Imp                 Summ           #.......     50%         2    ##.....
 Poisonous Vapours        Pois/Air       #.....       50%         2    ##.....
 Swiftness                Chrm/Air       #.......     50%         2    ##.....
 Summon Guardian Golem    Hex/Summ       #.......     52%         3    ###....
 Call Canine Familiar     Summ           #.......     75%         3    ###....
 Gell's Gravitas          Tloc           #.........   75%         3    ###....
 Ignite Poison            Fire/Tmut/Pois #.......     75%         3    ###....
 Mephitic Cloud           Conj/Pois/Air  #.......     75%         3    ###....
 Static Discharge         Conj/Air       #.......     75%         3    ###....
 Airstrike                Air            #.........   98%         4    #####..
 Olgreb's Toxic Radiance  Pois           #.......     98%         4    #####..
 Petrify                  Tmut/Erth      #.......     98%         4    #####..
 Summon Ice Beast         Ice/Summ       #.......     98%         4    #####..
 Summon Lightning Spire   Summ/Air       #.......     98%         4    #####..
 Metabolic Englaciation   Hex/Ice        #.........   99%         5    ######.
 Yara's Violent Unravell  Hex/Tmut       #.........   99%         5    ######.
 Lightning Bolt           Conj/Air       #.........   100%        5    ######.


Dungeon Overview and Level Annotations

Branches:
Dungeon (8/15)             Temple (1/1) D:6            Lair (0/6) D:8

Altars:
Ashenzari
Cheibriados
Dithmenos
Elyvilon
Gozag
Hepliaklqana
Kikubaaqudgha
Makhleb
Nemelex Xobeh
Okawaru
Qazlal
Ru
Trog
Uskayaw
Vehumet
Wu Jian
Xom
Yredelemnul
Zin
The Shining One


Innate Abilities, Weirdness & Mutations

You are small and have problems with some larger weapons.
You are carnivorous and can eat meat at any time.


Message History

You stop butchering the corpses.
You are slowing down.
You butcher the yak corpse.
The basilisk closely misses you.
Your limbs are stiffening.
You butcher the yak corpse.
The basilisk bites you!
You stop butchering the corpses.
* * * LOW HITPOINT WARNING * * *
You stop butchering the corpse.
You have turned to stone.
The basilisk gazes at you. You resist with some effort.
The basilisk gazes at you. You resist with some effort. The basilisk bites you.
* * * LOW HITPOINT WARNING * * *
The basilisk gazes at you. The basilisk barely misses you.
The basilisk gazes at you. You resist with some effort. The basilisk bites you!
You die...

#(# #........#
#.#.# #.#
######.###
#>... #.# #.#
###.# #.# # #.#
#.# #.# #.
#######.# #.#
#.# ###.###
#.......#
.......
#.#######
.♣.....##.# #.#
PPP.....#@# #..
........l.#####
###
..............#
......P...###.#
..P........#
....♣.P....#
...>PP.P....
..P.P.P....## #
...P.......# ##


You could see a basilisk.

Vanquished Creatures
  Pikel (D:7)
  Eustachio (D:4)
  4 yaks (D:8)
  A hungry ghost (D:8)
  3 porcupines (D:8)
  2 ice beasts
  An orc warrior (D:6)
  2 black bears
  4 slaves (D:7)
  3 ogres
  4 phantoms
  4 centaurs
  4 crocodiles (D:8)
  A big kobold (D:8)
  2 bullfrogs (D:6)
  A wyvern skeleton (D:6)
  5 killer bees (D:8)
  8 wights
  4 crimson imps
  A quasit (D:8)
  3 orc priests
  2 hounds
  A jelly (D:8)
  4 bullfrog skeletons
  2 centaur skeletons (D:4)
  Jessica (D:3)
  5 iguanas
  Natasha (thrice) (D:3)
  9 orc wizards
  6 worker ants
  A killer bee zombie (D:6)
  A hound zombie (D:6)
  Robin (D:3)
  A worker ant zombie (D:5)
  11 adders
  A shadow imp (D:5)
  An ooze (D:7)
  2 adder skeletons
  2 adder zombies
  3 worms
  5 dart slugs
  3 leopard geckos
  25 orcs
  3 bats
  4 giant cockroaches
  15 goblins
  10 hobgoblins
  2 jackals (D:2)
  5 quokkas
  2 ball pythons
  5 frilled lizards
  11 kobolds
  8 rats
214 creatures vanquished.

Vanquished Creatures (others)
  A fungus (D:8)
  3 plants (D:8)
4 creatures vanquished.

Grand Total: 218 creatures vanquished

Notes
Turn   | Place    | Note
-------+----------+-------------------------------------------
     0 | D:1      | Borgoz the Kobold Fighter began the quest for the Orb.
     0 | D:1      | Reached XP level 1. HP: 14/14 MP: 1/1
    89 | D:1      | Reached skill level 3 in Short Blades
    89 | D:1      | Reached XP level 2. HP: 19/19 MP: 2/2
   314 | D:1      | Reached skill level 1 in Dodging
   495 | D:2      | Reached XP level 3. HP: 24/24 MP: 3/3
   501 | D:2      | Found a snail-covered altar of Cheibriados.
   824 | D:2      | Reached XP level 4. HP: 29/29 MP: 4/4
  1290 | D:3      | Noticed Robin
  1297 | D:3      | Killed Robin
  1308 | D:3      | Reached XP level 5. HP: 30/33 MP: 5/5
  1372 | D:3      | Noticed Jessica
  1380 | D:3      | Killed Jessica
  1380 | D:3      | Reached skill level 4 in Short Blades
  1732 | D:3      | Reached XP level 6. HP: 25/39 MP: 6/6
  1874 | D:3      | Noticed Natasha
  1880 | D:3      | Killed Natasha
  1889 | D:3      | Found a bloodstained altar of Trog.
  1926 | D:3      | Noticed Natasha
  1940 | D:3      | Killed Natasha
  1990 | D:3      | Noticed Natasha
  1998 | D:3      | Killed Natasha
  1998 | D:3      | Reached skill level 5 in Short Blades
  2099 | D:4      | Reached XP level 7. HP: 37/44 MP: 7/7
  2160 | D:4      | Reached skill level 5 in Fighting
  2625 | D:4      | Noticed Eustachio
  2637 | D:4      | Killed Eustachio
  2827 | D:4      | Reached skill level 6 in Short Blades
  2827 | D:4      | Reached XP level 8. HP: 44/50 MP: 8/8
  3019 | D:4      | Got a bloodstained dagger
  3020 | D:4      | Identified the +9 dagger of the Undead {pierce, Int+4} (You
                  | found it on level 4 of the Dungeon)
  3255 | D:5      | Entered Level 5 of the Dungeon
  3361 | D:5      | Reached skill level 5 in Dodging
  3365 | D:5      | Found a white marble altar of Elyvilon.
  3365 | D:5      | Found a glowing golden altar of the Shining One.
  4070 | D:4      | Got a brightly glowing flail
  4071 | D:4      | Identified the +8 flail of Neast {crush, *Slow MR++ Dex+6}
                  | (You found it on level 4 of the Dungeon)
  4131 | D:6      | Reached skill level 5 in Armour
  4157 | D:6      | Reached XP level 9. HP: 56/56 MP: 9/9
  4172 | D:6      | Reached skill level 7 in Short Blades
  4525 | D:6      | Learned a level 1 spell: Confusing Touch
  4529 | D:6      | Learned a level 3 spell: Confuse
  4737 | D:6      | Found a staircase to the Ecumenical Temple.
  4750 | Temple   | Entered the Ecumenical Temple
  4986 | Temple   | Became a worshipper of Ashenzari the Shackled
  5105 | D:6      | Reached skill level 1 in Stealth
  5367 | D:6      | Reached skill level 1 in Hexes
  5419 | D:6      | Identified the cursed +0 chain mail of Disguise {rF- rC+
                  | Regen+ Int+3} (You found it on level 6 of the Dungeon)
  5469 | D:7      | Reached skill level 1 in Spellcasting
  5578 | D:7      | Found a sacrificial altar of Ru.
  5595 | D:7      | Reached skill level 8 in Short Blades
  5616 | D:7      | Reached XP level 10. HP: 29/63 MP: 12/12
  5860 | D:7      | Noticed Pikel
  5909 | D:7      | Killed Pikel
  6415 | D:8      | Reached * piety under Ashenzari
  7125 | D:8      | Found a hide-covered altar of Uskayaw.
  7125 | D:8      | Found a bloodstained altar of Trog.
  7308 | D:8      | Found a staircase to the Lair.
  7322 | D:8      | Reached skill level 9 in Short Blades
  7366 | D:8      | Reached skill level 1 in Evocations
  7391 | D:8      | Reached XP level 11. HP: 8/68 MP: 5/15
  7413 | D:8      | Slain by a basilisk

Levels and vault maps discovered:
D:1:      saegor_arrival_miasma, layout_rooms
D:2:      layout_loops_ring, kennysheep_slug_shrine, first_ration
D:3:      layout_basic, trog_three_pillars_becter, uniq_robin, uniq_jessica,
          uniq_natasha
D:4:      minmay_razor_zed, layout_basic, uniq_eustachio
D:5:      layout_cave_pools, grunt_temple_overflow_open
D:6:      layout_basic, minmay_temple_entry_water_ring, st_stairs_10
D:7:      layout_basic, overflow_temple_1_default, uniq_pikel
D:8:      layout_loops_corners, tgw_sif, gammafunk_temple_overflow_elements,
          minmay_lair_entry_grove
Temple:   dpeg_chambers_temple

Skill      XL: |  1  2  3  4  5  6  7  8  9 10 |
---------------+-------------------------------+-----
Short Blades   | 3 4 5 6 8 9 |  9.3
Dodging        | 1 2 3 4 6 7 8 |  8.7
Fighting       | 4 5 6 7 8 |  8.0
Armour         | 3 4 5 6 |  6.6
Stealth        | 2 4 |  4.3
Hexes          | 1 2 |  2.9
Spellcasting   | 1 2 |  2.8
Shields        | 3 |  3.5
Evocations     | 1 |  1.2

Action                   |  1- 3 |  4- 6 |  7- 9 | 10-12 || total
-------------------------+-------+-------+-------+-------++-------
Melee: Rapier            |    12 |       |    35 |       ||    47
       Short sword       |    69 |   181 |    66 |       ||   316
       Dagger            |       |       |   220 |   249 ||   469
       Flail             |       |       |    29 |       ||    29
Throw: Throwing net      |       |       |       |     1 ||     1
 Cast: Confusing Touch   |       |       |     1 |    13 ||    14
Invok: Curse Item        |       |       |     3 |       ||     3
Evoke: Wand              |       |       |     3 |       ||     3
  Use: Potion            |       |       |     5 |     2 ||     7
       Scroll            |       |       |     7 |     1 ||     8
 Stab: Confused          |       |       |     3 |     5 ||     8
       Sleeping          |       |       |     1 |     5 ||     6
  Eat: Chunk             |     8 |     5 |    11 |     5 ||    29
Armor: Scale mail        |    31 |    22 |       |       ||    53
       Ring mail         |       |    27 |    39 |    29 ||    95
       Leather armour    |       |       |    28 |       ||    28
Dodge: Dodged            |    17 |    63 |   207 |   104 ||   391
Block: Shield            |    28 |    77 |    55 |       ||   160
       Buckler           |       |       |    75 |    31 ||   106

Table legend:
 A = Non-vault XP
 B = Vault XP
 C = Vault XP percentage of total XP
 D = Non-vault monster count
 E = Vault monster count
 F = Vault count percentage of total count
                 A         B        C        D         E       F
            +---------+---------+-------+---------+---------+-------
      Total |    4864 |    2907 |  37.4 |     171 |      39 |  18.6
            +---------+---------+-------+---------+---------+-------
        D:1 |      23 |       0 |   0.0 |      13 |       0 |   0.0
        D:2 |      57 |       4 |   6.6 |      25 |       1 |   3.8
        D:3 |     292 |     109 |  27.2 |      20 |      14 |  41.2
        D:4 |     300 |     400 |  57.1 |      14 |      10 |  41.7
        D:5 |     504 |       0 |   0.0 |      14 |       0 |   0.0
        D:6 |    1429 |     129 |   8.3 |      36 |       2 |   5.3
        D:7 |    1166 |     663 |  36.2 |      25 |       1 |   3.8
        D:8 |    1093 |    1602 |  59.4 |      24 |      11 |  31.4
            +---------+---------+-------+---------+---------+-------
